 Dungeon Crawl Stone Soup version 0.29.1-13-g9f3cf754e1 (webtiles) character file.

Game seed: 7254200509182340179

50613 Lutefisk the Stormcaller (level 14, -1/84 HPs)
             Began as a Tengu Air Elementalist on Jan 21, 2023.
             Was a High Priest of Sif Muna.
             Slain by a merfolk
             ... wielding a +0 spear
             ... led by a merfolk impaler
              (15 damage)
             ... on level 1 of the Shoals on Jan 22, 2023.
             The game lasted 01:46:52 (11266 turns).

Lutefisk the Stormcaller (Tengu Air Elementalist)  Turns: 11266, Time: 01:46:52

Health: -1/84      AC:  8    Str:  9    XL:     14   Next: 56%
Magic:  0/29       EV: 24    Int: 19    God:    Sif Muna [*****.]
Gold:   1354       SH:  0    Dex: 22    Spells: 21/33 levels left

rFire   . . .      SeeInvis .   i - +3 scimitar (flame)
rCold   . . .      Faith    .   (no shield)
rNeg    . . .      Spirit   .   G - +0 troll leather armour
rPois   +          Reflect  .   (helmet restricted)
rElec   .          Harm     .   (no cloak)
rCorr   .          Rampage  .   r - +1 pair of gloves
Will    +....                   (boots unavailable)
Stlth   +++.......              P - amulet of the acrobat
HPRegen 1.04/turn               c - +6 ring of dexterity
MPRegen 0.21/turn               E - ring of poison resistance

@: lethally poisoned (-1 -> -2), flying quickly and evasively, quick
A: beak, talons 3, nimble flight
a: Renounce Religion, Channel Magic, Forget Spell, Divine Exegesis


You were on level 1 of the Shoals.
You worshipped Sif Muna.
Sif Muna was extremely pleased with you.
You visited 5 branches of the dungeon, and saw 23 of its levels.

You collected 1699 gold pieces.
You spent 345 gold pieces at shops.

Inventory:

Hand Weapons
 a - a +0 rapier
 i - a +3 scimitar of flaming (weapon)
Missiles
 d - 18 boomerangs
 B - 17 javelins
 F - 7 poisoned darts (quivered)
 J - 3 throwing nets
 R - 2 curare-tipped darts
Armour
 r - a +1 pair of gloves (worn)
 G - a +0 troll leather armour (worn)
 H - +0 swamp dragon scales
Jewellery
 c - a +6 ring of dexterity (left hand)
 l - a ring of resist corrosion
 o - a ring of protection from fire
 E - a ring of poison resistance (right hand)
 O - a ring of ice
 P - an amulet of the acrobat (around neck)
Wands
 f - a wand of flame (9)
 N - a wand of iceblast (1)
Scrolls
 e - 4 scrolls of immolation
 h - 7 scrolls of magic mapping
 j - 2 scrolls of enchant armour
 k - 3 scrolls of teleportation
 n - 4 scrolls of fear
 q - 6 scrolls of blinking
 v - 2 scrolls of silence {unknown}
 y - 3 scrolls of amnesia
 A - 4 scrolls of poison
 C - 2 scrolls of vulnerability
 D - 2 scrolls of torment {unknown}
 K - 2 scrolls of butterflies {unknown}
 M - a scroll of enchant weapon {unknown}
Potions
 b - 3 potions of magic
 g - 7 potions of curing
 m - 9 potions of attraction
 p - 3 potions of brilliance
 s - 2 potions of lignification
 t - 2 potions of mutation
 w - a potion of ambrosia {unknown}
 x - 4 potions of resistance
 z - 2 potions of berserk rage
 I - 4 potions of might
 L - a potion of haste {unknown}
Miscellaneous
 Q - a phantom mirror


   Skills:
 - Level 8.0 Fighting
 - Level 1.0 Throwing
 - Level 11.0 Armour
 - Level 12.0 Dodging
 - Level 3.0 Stealth
 - Level 10.0 Spellcasting
 * Level 8.8 Conjurations
 * Level 0.0 Translocations
 - Level 15.0 Air Magic
 - Level 6.0 Invocations
 - Level 6.0 Evocations


You had 21 spell levels left.
You knew the following spells:

 Your Spells              Type           Power      Damage    Failure   Level
a - Shock                 Conj/Air       100%       1d9       1%          1
b - Static Discharge      Conj/Air       53%        3-10/arc  1%          2
c - Swiftness             Air            61%        N/A       1%          3
d - Airstrike             Air            30%        2d(5-21)  1%          4
e - Blink                 Tloc           18%        N/A       14%         2

Your spell library contained the following spells:

 Spells                   Type           Power      Damage    Failure   Level
 Foxfire                  Conj/Fire      100%       2x1d9     1%          1
 Poisonous Vapours        Pois/Air       76%        N/A       1%          2
 Conjure Flame            Conj/Fire      26%        6-21      4%          3
 Stone Arrow              Conj/Erth      52%        3d10      4%          3
 Beastly Appendage        Tmut           18%        N/A       10%         1
 Sandblast                Erth           18%        2d7       10%         1
 Corpse Rot               Necr/Pois/Air  28%        N/A       12%         4
 Ensorcelled Hibernation  Hex/Ice        18%        N/A       14%         2
 Passwall                 Tmut/Erth      7%         N/A       14%         2
 Scorch                   Fire           18%        2d6       14%         2
 Wereblood                Tmut           9%         N/A       14%         2
 Flame Wave               Conj/Fire      26%        2d8       16%         4
 Gell's Gravitas          Tloc           9%         N/A       28%         3
 Inner Flame              Hex/Fire       9%         N/A       28%         3
 Lesser Beckoning         Tloc           9%         N/A       28%         3
 Ozocubu's Armour         Ice            9%         N/A       28%         3
 Spider Form              Tmut/Pois      9%         N/A       28%         3
 Teleport Other           Tloc           9%         N/A       28%         3
 Irradiate                Conj/Tmut      13%        3d16      38%         5
 Anguish                  Hex/Necr       4%         N/A       67%         4
 Animate Armour           Summ/Erth      18%        N/A       67%         4
 Blade Hands              Tmut           4%         N/A       95%         5
 Manifold Assault         Tloc           9%         N/A       95%         5
 Storm Form               Tmut/Air       19%        N/A       98%         7
 Summon Cactus Giant      Summ           4%         N/A       100%        6
 Dragon Form              Tmut           4%         N/A       100%        7
 Ozocubu's Refrigeration  Ice            4%         4d8       100%        7
 Lehudib's Crystal Spear  Conj/Erth      13%        10d4      100%        8


Dungeon Overview and Level Annotations

Branches:
Dungeon (14/15)            Temple (1/1) D:7            Lair (5/5) D:8
 Shoals (1/4) Lair:3        Snake (0/4) Lair:2        Slime (0/5) Lair:4
    Orc (2/2) D:12         Vaults (0/5) D:14
    Elf: Orc:2

Altars:
Ashenzari
Elyvilon
Fedhas
Hepliaklqana
Kikubaaqudgha
Makhleb
Okawaru
Qazlal
Ru
Sif Muna
Trog
Uskayaw
Vehumet
Wu Jian
Xom
Yredelemnul
Zin
The Shining One

Shops:
D:5 *   D:10 ?   D:12 [

Annotations:
D:4 2 transporters, Menkaure
D:6 Duvessa
D:7 Prince Ribbit
D:8 Grum
Orc:2 Saint Roka


Innate Abilities, Weirdness & Mutations

You have a beak for a mouth.
You have claws for feet.
Your magical nature lets you fly swiftly and evasively.


Message History

The merfolk hits you but does no damage.
The merfolk hits you with a +2 trident of venom!
The merfolk throws a boomerang.
The boomerang completely misses you.
Casting: Static Discharge (safe; 1% risk of failure)
Confirm with . or Enter, or press ? or * to list all spells.
The merfolk is struck by an arc of lightning.
The merfolk is moderately wounded.
You are struck by an arc of lightning.
The merfolk is struck by an arc of lightning!
The merfolk is heavily wounded.
You are struck by an arc of lightning.
The lightning grounds out.
The merfolk is struck by an arc of lightning.
The merfolk is almost dead.
The merfolk is struck by an arc of lightning.
The merfolk is severely wounded.
The merfolk is struck by an arc of lightning.
The merfolk is almost dead.
The lightning grounds out.
The merfolk hits you with a +0 trident!
* * * LOW HITPOINT WARNING * * *
The merfolk hits you with a +2 trident of venom!
* * * LOW HITPOINT WARNING * * *
You are poisoned.
The merfolk misses you.
You feel much better.
You feel sick. The merfolk barely misses you.
The merfolk completely misses you. The merfolk misses you.
Casting: Static Discharge (safe; 1% risk of failure)
Confirm with . or Enter, or press ? or * to list all spells.
The merfolk is struck by an arc of lightning.
The merfolk is severely wounded.
The merfolk is struck by an arc of lightning.
You kill the merfolk!
Sif Muna accepts your kill.
You hear a splash.
The merfolk is struck by an arc of lightning!
The merfolk is severely wounded.
You are struck by an arc of lightning.
* * * LOW HITPOINT WARNING * * *
The lightning grounds out.
You feel sick. The merfolk completely misses you.
The merfolk hits you from afar with a +0 spear!
You die...

############################
≈≈≈≈≈≈≈≈≈≈≈≈≈≈≈≈@≈≈≈≈≈≈≈≈≈≈≈
≈≈≈≈≈≈≈≈≈≈≈≈≈≈≈≈m≈≈≈≈≈≈≈≈≈≈≈
≈≈≈≈≈≈≈≈≈≈≈≈≈≈≈≈≈≈m≈≈≈≈≈≈≈≈≈
≈≈≈≈≈≈≈≈≈≈≈≈≈≈≈≈≈≈≈≈≈≈≈≈≈≈≈≈
≈≈≈≈≈≈≈≈≈≈≈≈≈≈≈≈≈≈≈≈≈≈≈≈≈≈≈≈
≈≈≈≈≈≈≈≈≈≈≈≈≈≈≈≈≈≈≈≈≈≈≈≈≈≈≈≈
≈≈≈≈≈≈≈≈≈≈≈≈≈≈≈≈≈≈≈≈≈≈≈≈≈~~~
≈≈≈≈≈≈≈≈≈≈≈≈≈≈≈≈≈≈≈≈≈≈≈≈≈~~(
≈≈≈≈≈≈≈≈≈≈≈≈≈~~≈≈≈≈≈≈≈≈≈~


You could see 2 merfolk.

Vanquished Creatures
  Kirke (D:14)
  2 hydras
  A boulder beetle (Lair:1)
  Erolcha (D:12)
  A catoblepas (D:10)
  4 centaur warriors
  Erica (D:8)
  6 two-headed ogres
  Urug (Lair:3)
  Sonja (Orc:2)
  2 sea snakes (Shoals:1)
  A wizard (D:14)
  A deep elf pyromancer (D:14)
  2 orc sorcerers
  An ugly thing (D:12)
  2 manticores
  5 elephants (Lair:3)
  6 black mambas
  A gargoyle (D:11)
  3 cane toads
  Maggie (D:8)
  A freezing wraith (D:12)
  2 rime drakes (Lair:5)
  5 komodo dragons
  An efreet (D:12)
  2 tengu conjurers (D:14)
  A polar bear (Lair:1)
  4 trolls
  A meliai (D:13)
  2 merfolk (Shoals:1)
  6 slime creatures
  11 blink frogs
  2 snapping turtles (Shoals:1)
  Sigmund (D:5)
  2 vampires
  A shadow (D:10)
  57 yaks
  2 wraiths (D:10)
  2 hogs (D:14)
  4 fire bats (D:14)
  3 steam dragons
  5 wyverns
  2 basilisks
  9 vampire mosquitoes
  2 wargs
  4 nagas (Lair:2)
  9 water moccasins
  A hell hound (D:14)
  16 orc warriors
  An ice beast (D:8)
  6 ogres
  11 centaurs
  2 phantoms
  A kobold brigand (D:8)
  7 necrophages
  Blork the orc (D:6)
  A gnoll sergeant (Orc:1)
  11 bullfrogs
  2 scorpions
  21 wights
  Dowan (D:6)
  12 killer bees
  7 howler monkeys
  6 electric eels
  A lava snake (D:14)
  A bullfrog zombie (D:4)
  A centaur zombie (D:4)
  A jelly (D:8)
  9 hounds
  A human zombie (D:4)
  10 orc priests
  A gnoll bouda (D:5)
  6 iguanas
  2 scorpion zombies (D:4)
  12 orc wizards
  A mummy (D:4)
  16 gnolls
  8 adders
  3 shadow imps
  3 ufetubi
  3 adder zombies (D:4)
  2 worms
  A dart slug (D:5)
  50 orcs
  2 ball pythons
  6 bats
  6 endoplasms
  5 giant cockroaches
  5 goblins
  4 hobgoblins
  2 jackals (D:1)
  13 kobolds
  2 quokkas
  A frilled lizard (D:2)
  5 rats
  2 fire vortices (D:14)
477 creatures vanquished.

Vanquished Creatures (collateral kills)
  2 killer bees (D:8)
2 creatures vanquished.

Vanquished Creatures (others)
  5 hogs (D:14)
  A human (D:6)
  2 wolves (D:8)
  A killer bee (D:8)
  A hound (D:8)
  An orc wizard (D:7)
  4 bushes (D:7)
  A fire vortex (D:14)
  37 fungi
  50 plants
  11 withered plants (Lair:5)
114 creatures vanquished.

Grand Total: 593 creatures vanquished

Notes
Turn   | Place    | Note
-------+----------+-------------------------------------------
     0 | D:1      | Lutefisk the Tengu Air Elementalist began the quest for the
                  | Orb.
     0 | D:1      | Reached XP level 1. HP: 10/10 MP: 4/4
    68 | D:1      | Reached skill level 1 in Fighting
   125 | D:2      | Reached XP level 2. HP: 16/16 MP: 1/6
   221 | D:2      | Reached XP level 3. HP: 12/22 MP: 0/7
   233 | D:2      | Learned a level 2 spell: Static Discharge
   412 | D:3      | Reached XP level 4. HP: 25/28 MP: 2/8
   561 | D:1      | Reached skill level 5 in Air Magic
   609 | D:1      | Found a faded altar of an unknown god.
   609 | D:1      | Noticed an eye of devastation
   613 | D:1      | Noticed a shining eye
   613 | D:1      | Noticed a great orb of eyes
   613 | D:1      | Noticed an eye of devastation
   869 | D:2      | Gained mutation: Your magical nature lets you fly swiftly
                  | and evasively. [Tengu growth]
   869 | D:2      | Reached XP level 5. HP: 28/32 MP: 4/9
   958 | D:3      | Found a white marble altar of Elyvilon.
  1073 | D:4      | Found a hide-covered altar of Uskayaw.
  1083 | D:4      | Reached skill level 6 in Air Magic
  1100 | D:4      | Reached skill level 1 in Throwing
  1112 | D:4      | Reached skill level 1 in Armour
  1112 | D:4      | Reached XP level 6. HP: 21/37 MP: 0/10
  1174 | D:3      | Found a glowing golden altar of the Shining One.
  1219 | D:5      | Entered Level 5 of the Dungeon
  1239 | D:4      | Found a transporter.
  1381 | D:4      | Noticed Menkaure
  1434 | D:4      | Found a transporter.
  1466 | D:4      | Learned a level 3 spell: Swiftness
  1477 | D:4      | Found a basalt altar of Yredelemnul.
  1488 | D:4      | Reached XP level 7. HP: 25/42 MP: 2/11
  1525 | D:4      | Learned a level 4 spell: Airstrike
  1581 | D:4      | Found a burning altar of Makhleb.
  1661 | D:5      | Reached skill level 7 in Air Magic
  1669 | D:5      | Found Siqeoris's Assorted Antiques.
  1681 | D:5      | Bought an orange potion for 20 gold pieces
  1681 | D:5      | Bought 2 fizzy blue potions for 41 gold pieces
  1755 | D:5      | Reached skill level 8 in Air Magic
  1880 | D:5      | Noticed Sigmund
  1924 | D:6      | Reached XP level 8. HP: 36/48 MP: 3/13
  2018 | D:6      | Noticed Blork the orc
  2021 | D:6      | Killed Blork the orc
  2045 | D:6      | Reached skill level 5 in Dodging
  2161 | D:6      | Reached skill level 5 in Fighting
  2207 | D:5      | Killed Sigmund
  2440 | D:6      | Found an ancient bone altar of Kikubaaqudgha.
  2522 | D:6      | Noticed Dowan
  2554 | D:7      | Reached skill level 9 in Air Magic
  2554 | D:7      | Reached XP level 9. HP: 34/54 MP: 1/14
  2557 | D:7      | Noticed Prince Ribbit
  2563 | D:6      | Noticed Duvessa
  2732 | D:6      | Killed Dowan
  2881 | D:7      | Reached skill level 10 in Air Magic
  2939 | D:7      | Reached skill level 5 in Armour
  3031 | D:7      | Found a blossoming altar of Fedhas.
  3323 | D:7      | Found a staircase to the Ecumenical Temple.
  3332 | Temple   | Entered the Ecumenical Temple
  3337 | Temple   | Became a worshipper of Sif Muna the Loreminder
  3476 | D:8      | Reached skill level 1 in Evocations
  3538 | D:8      | Noticed Maggie
  3572 | D:8      | Killed Maggie
  3573 | D:8      | Reached skill level 1 in Invocations
  3573 | D:8      | Reached XP level 10. HP: 48/60 MP: 1/15
  3615 | D:8      | Found a hazy altar of Hepliaklqana.
  3616 | D:8      | Found a shimmering altar of Xom.
  3617 | D:8      | Noticed a spectral ugly thing
  3681 | D:8      | Noticed Erica
  4002 | D:8      | Reached * piety under Sif Muna
  4047 | D:8      | Found a staircase to the Lair.
  4141 | D:8      | Reached skill level 5 in Conjurations
  4346 | D:7      | Reached skill level 5 in Spellcasting
  4467 | D:8      | Noticed Grum
  4544 | Lair:1   | Entered Level 1 of the Lair of Beasts
  4545 | Lair:1   | Noticed a black mamba
  4551 | D:8      | Killed a black mamba
  4666 | D:8      | Reached XP level 11. HP: 47/64 MP: 7/19
  4667 | D:8      | Reached skill level 5 in Evocations
  4690 | D:8      | Killed Erica
  4691 | D:8      | Reached skill level 5 in Invocations
  4844 | Lair:1   | Noticed a boulder beetle
  4897 | Lair:1   | Killed a boulder beetle
  4897 | Lair:1   | Reached ** piety under Sif Muna
  4998 | Lair:1   | Noticed an eight-headed hydra
  5233 | Lair:2   | Found a blossoming altar of Fedhas.
  5274 | Lair:2   | You are sucked into a shaft and drop 1 floor!
  5291 | Lair:3   | Noticed Urug
  5304 | Lair:3   | Reached skill level 10 in Dodging
  5563 | Lair:2   | Reached skill level 11 in Air Magic
  5693 | Lair:3   | Reached XP level 12. HP: 53/71 MP: 3/22
  5714 | Lair:3   | Reached skill level 12 in Air Magic
  6088 | Lair:4   | Found a staircase to the Slime Pits.
  6118 | Lair:5   | Entered Level 5 of the Lair of Beasts
  6158 | Lair:4   | Noticed a four-headed hydra
  6168 | Lair:4   | Killed a one-headed hydra
  6168 | Lair:4   | Reached *** piety under Sif Muna
  6169 | Lair:4   | Reached skill level 10 in Armour
  6231 | Lair:5   | Noticed a death yak
  6232 | Lair:5   | Noticed a death yak
  6303 | Lair:5   | Noticed a six-headed hydra
  6494 | Lair:5   | Noticed a five-headed hydra
  6672 | Lair:5   | Killed a one-headed hydra
  6726 | Lair:5   | Reached XP level 13. HP: 35/78 MP: 1/26
  6793 | Lair:5   | Noticed a dire elephant
  6793 | Lair:5   | Noticed a dire elephant
  6793 | Lair:5   | Noticed a dire elephant
  6793 | Lair:5   | Noticed a dire elephant
  6794 | Lair:5   | Noticed a dire elephant
  6959 | Lair:3   | Killed Urug
  7004 | Lair:2   | Found a staircase to the Snake Pit.
  7133 | D:9      | Found a broken altar of Ashenzari.
  7137 | D:9      | Reached **** piety under Sif Muna
  7176 | D:9      | Found an ornate altar of the Wu Jian Council.
  7197 | D:9      | Reached skill level 13 in Air Magic
  7243 | D:9      | Found a glowing silver altar of Zin.
  7244 | D:9      | Found an iron altar of Okawaru.
  7333 | D:10     | Entered Level 10 of the Dungeon
  7678 | D:10     | Found Qank's Magic Scroll Shop.
  7690 | D:10     | Bought a scroll of blinking for 112 gold pieces
  7690 | D:10     | Bought a scroll of blinking for 112 gold pieces
  7690 | D:10     | Bought a scroll of fear for 60 gold pieces
  7838 | D:10     | Reached skill level 14 in Air Magic
  8478 | D:12     | Found a staircase to the Orcish Mines.
  8503 | Orc:1    | Entered Level 1 of the Orcish Mines
  8532 | D:12     | Reached ***** piety under Sif Muna
  8591 | D:12     | Found Rufrast's Armour Shoppe.
  8894 | Orc:2    | Entered Level 2 of the Orcish Mines
  9059 | Orc:1    | Received a gift from Sif Muna
  9207 | Orc:2    | Noticed Sonja
  9209 | Orc:2    | Killed Sonja
  9304 | Orc:2    | Noticed Saint Roka
  9413 | D:13     | Reached XP level 14. HP: 63/84 MP: 14/27
 10138 | D:14     | Reached skill level 15 in Air Magic
 10147 | D:14     | Found a gate to the Vaults.
 10183 | D:14     | Noticed Kirke
 10193 | D:14     | Killed Kirke
 10241 | D:13     | Received a gift from Sif Muna
 10301 | D:12     | Noticed Erolcha
 10306 | D:12     | Killed Erolcha
 11046 | Lair:3   | Found a staircase to the Shoals.
 11051 | Shoals:1 | Entered Level 1 of the Shoals
 11055 | Shoals:1 | Reached skill level 10 in Spellcasting
 11238 | Shoals:1 | Learned a level 2 spell: Blink
 11266 | Shoals:1 | Slain by a merfolk

Illustrated notes

Levels and vault maps discovered:
D:1:      dpeg_arrival_another_circle, layout_loops_cross,
          hellmonk_ecumenical_altar_watching_god, minmay_misc_feat_cross,
          nicolae_kite_square_tiling_tiny, corner_web_ring,
          kennysheep_crisscross
D:2:      layout_basic
D:3:      layout_basic, elyvilon_altar_5, tso_altar, serial_forest,
          infiniplex_forest_clump_tiny, infiniplex_forest_zigzag_1,
          infiniplex_forest_corner_2, infiniplex_forest_clump_cross,
          infiniplex_forest_clump_curved, infiniplex_forest_straight_5,
          infiniplex_forest_straight_5, infiniplex_forest_lined_3_way
D:4:      gammafunk_steamed_eel, layout_gridville,
          nicolae_uskayaw_murder_on_the_dancefloor, mainiacjoe_overflow_paths,
          lemuel_mausoleum_altar_yredelemnul, uniq_menkaure
D:5:      layout_cave_pods, serial_shops, nicolae_shop_stone, uniq_sigmund
D:6:      layout_gridville, tgw_kikubaaqudgha, uniq_duvessa, uniq_blork_the_orc
D:7:      layout_basic, fedhas_altar_decomposition, temple_hall,
          uniq_prince_ribbit1
D:8:      layout_cave_pods, grunt_temple_overflow_opulence,
          regret_index_temple_of_mockery, erik_lair_island, uniq_erica,
          uniq_maggie, uniq_grum
D:9:      layout_basic, mainiacjoe_overflow_small_starburst,
          gammafunk_temple_overflow_statue, general_overflow_altar
D:10:     layout_roguey, serial_shops, nicolae_shop_stone, columned_hall_lemuel
D:11:     layout_roguey
D:12:     layout_stronghold, orc_0_dummy, serial_shops, shop, uniq_erolcha
D:13:     layout_loops_ring
D:14:     layout_roguey, david_vaults_1, nicolae_water_bricks,
          hangedman_incinerator, uniq_kirke
Temple:   nicolae_temple_ecumenical_triangle
Lair:1:   layout_misc_corridors, infiniplex_staircase_pool_2, grunt_megastairs_3
Lair:2:   layout_roguey, minmay_snake_entry_guardpost_medium, basic_altar
Lair:3:   layout_loops_ring, elwin_shoals_entry_rooms, st_stairs_9,
          grunt_forest_small_clearing_treed, grunt_megastairs_4,
          infiniplex_staircase_pool, uniq_urug
Lair:4:   layout_roguey, dpeg_slime_entry_enclosed
Lair:5:   due_jungle_book, layout_loops_ring, lemuel_fruit_tree
Shoals:1: layout_shoals, uniq_louise
Orc:1:    layout_caves
Orc:2:    grunt_orc_tribal_feast, layout_caves, serial_shops, shop, basic_altar,
          uniq_saint_roka, uniq_sonja

Skill      XL: |  1  2  3  4  5  6  7  8  9 10 11 12 13 14 |
---------------+-------------------------------------------+-----
Fighting       | 1 2 3 4 5 6 8 |  8.0
Conjurations   | 2 3 5 6 7 8 |  8.8
Air Magic      | 5 6 8 9 10 11 12 14 15 | 15.0
Throwing       | 1 |  1.0
Armour         | 1 2 3 4 6 7 8 10 11 | 11.0
Dodging        | 3 4 6 7 8 10 12 | 12.0
Spellcasting   | 3 5 6 8 10 | 10.0
Stealth        | 3 |  3.0
Evocations     | 4 5 6 |  6.0
Invocations    | 1 3 5 6 |  6.0

Action                   |  1- 3 |  4- 6 |  7- 9 | 10-12 | 13-15 || total
-------------------------+-------+-------+-------+-------+-------++-------
Melee: Dagger            |     6 |       |       |       |       ||     6
       Peck              |     2 |    13 |    27 |    75 |    38 ||   155
       Unarmed           |     1 |       |       |       |       ||     1
       Short sword       |    20 |     7 |       |       |       ||    27
       Kick              |     7 |    15 |    33 |   104 |    55 ||   214
       Rapier            |       |    51 |    95 |       |       ||   146
       Punch             |       |       |     3 |     2 |     3 ||     8
       Flail             |       |       |    10 |    76 |       ||    86
       Scimitar          |       |       |       |   176 |   158 ||   334
Throw: Boomerang         |     2 |       |    18 |    15 |     3 ||    38
       Javelin           |       |       |     6 |       |       ||     6
       Dart              |       |       |     4 |    19 |    23 ||    46
       Throwing net      |       |       |       |     1 |       ||     1
 Cast: Shock             |    27 |    78 |    76 |    32 |    16 ||   229
       Static Discharge  |       |     1 |    14 |    98 |   158 ||   271
       Airstrike         |       |       |    31 |    59 |   109 ||   199
       Swiftness         |       |       |     1 |       |     1 ||     2
Invok: Channel Magic     |       |       |       |       |     1 ||     1
Evoke: Wand              |       |       |     1 |    10 |     1 ||    12
  Use: Potion            |       |       |     1 |     1 |     3 ||     5
       Scroll            |       |       |       |    14 |    11 ||    25
 Stab: Sleeping          |       |     2 |     2 |     4 |       ||     8
       Distracted        |       |       |       |     1 |       ||     1
Armor: Robe              |     8 |       |       |       |       ||     8
       Leather armour    |       |    20 |    36 |     3 |       ||    59
       Troll leather arm |       |       |       |    60 |    57 ||   117
Dodge: Dodged            |    24 |    46 |   108 |   411 |   385 ||   974
